 Dungeon Crawl Stone Soup version 0.30-a0-165-g1891117ce2 (webtiles) character file.

Game seed: 18171767416155966315

970 IdlyInterested the Trooper (level 7, -7/56 HPs)
             Began as a Demonspawn Gladiator on Sept 28, 2022.
             Mangled by a yak (14 damage)
             ... on level 5 of the Dungeon.
             The game lasted 00:14:14 (5732 turns).

IdlyInterested the Trooper (Demonspawn Gladiator)   Turns: 5732, Time: 00:14:14

Health: -7/56      AC:  8    Str: 17    XL:     7   Next: 94%
Magic:  7/7        EV: 16    Int:  9    God:
Gold:   39         SH:  0    Dex: 16    Spells: 6/6 levels left

rFire   + . .      SeeInvis .    n - +5 short sword "Savian" {flame, Will+ Str+2}
rCold   . . .      Faith    .    (no shield)
rNeg    . . .      Spirit   .    u - +2 leather armour {Will+}
rPois   .          Reflect  .    c - +0 helmet
rElec   .          Harm     .    (no cloak)
rCorr   .          Rampage  .    (no gloves)
Will    +++..                    (no boots)
Stlth   ++........               (no amulet)
HPRegen 0.18/turn                y - +4 ring of evasion
MPRegen 0.10/turn                (no ring)

@: mighty
A: molten scales 1, demonic guardian 1, foul stench 1, demonic touch 1, fire
resistance 1, strong-willed 1, MP-powered wands
a: no special abilities


You were on level 5 of the Dungeon.
You visited 1 branch of the dungeon, and saw 5 of its levels.
You also visited: Sewer.

You collected 144 gold pieces.
You spent 105 gold pieces at shops.

Inventory:

Hand Weapons
 a - a +1 long sword
 n - the +5 short sword "Savian" (weapon) {flame, Will+ Str+2}
   (You found it on level 2 of the Dungeon)

   It burns those it strikes, dealing additional fire damage.
   Str:       It affects your strength (+2).
   Will:      It increases your willpower.
Missiles
 d - 4 throwing nets
 e - a javelin
 j - a curare-tipped dart
 k - 2 poisoned darts (quivered)
 r - 5 datura-tipped darts
Armour
 c - a +0 helmet (worn)
 u - a +2 leather armour of willpower (worn)
Magical Staves
 o - a staff of fire
Jewellery
 y - a +4 ring of evasion (left hand)
Potions
 f - a potion of mutation
 h - a potion of brilliance
 l - 4 potions of flight
 m - a potion of curing
 s - a potion of attraction {unknown}
 t - a potion of haste {unknown}
 x - a potion of lignification {unknown}


   Skills:
 + Level 5.4 Fighting
 * Level 4.6(5.0) Short Blades
 - Level 3.0(4.2) Long Blades
 - Level 3.0 Throwing
 - Level 3.0 Dodging
 + Level 1.9 Stealth
 - Level 3.0 Unarmed Combat


You had 6 spell levels left.
You didn't know any spells.
Your spell library was empty.

Dungeon Overview and Level Annotations

Branches:
Dungeon (5/15)              Sewer (visited)
 Temple: D:4-7

Altars:
Ashenzari
Ru

Shops:
D:4 *


Innate Abilities, Weirdness & Mutations

You are partially covered in molten scales. (AC +2)
A weak demonic guardian rushes to your aid.
You may rarely emit foul miasma when damaged in melee.
Your touch may inflict minor irresistible damage on your foes.
Your flesh is heat resistant. (rF+)
You are strong-willed. (Will+)
You expend magic power (3 MP) to strengthen your wands.


Message History

Okay, then.
You feel very mighty all of a sudden. The yak gores you. The yak misses you.
You hit the yak. You burn the yak. Your touch misses the yak.
The yak is moderately wounded.
The yak looks more healthy.
The yak gores you. The yak gores you!
You hit the yak. You burn the yak.
The yak is heavily wounded.
The yak gores you!
You closely miss the yak.
You touch the yak!
The yak is severely wounded.
The yak gores you. The yak barely misses you. The yak gores you!
* * * LOW HITPOINT WARNING * * *
A demonic guardian appears!
Unknown command.
You feel better.
The yak is no longer moving slowly.
The yak gores you but does no damage. The yak misses you. The yak gores you.
* * * LOW HITPOINT WARNING * * *
You hit the yak. You burn the yak.
The yak is almost dead.
You feel better. The yak gores you. x2
* * * LOW HITPOINT WARNING * * *
The yak barely misses you.
Your iron imp hits the yak!
You puncture the yak! You burn the yak.
You kill the yak!
The yak barely misses you. x2
Your Short Blades skill increases to level 4!
Your Stealth skill increases to level 1!
You puncture the yak! You burn the yak.
You touch the yak!
You kill the yak!
The yak closely misses you.
You puncture the yak! You burn the yak.
The yak is severely wounded.
The yak gores you!
* * * LOW HITPOINT WARNING * * *
The yak gores you.
* * * LOW HITPOINT WARNING * * *
Your iron imp barely misses the yak.
You feel better. The yak gores you!
You die...

#.....<.#
#.....>.#
#..!....#
....#..####
.## ##....#
#....#
#....#
#YY..#
#@5..#
#....#
#..### ...#
.... ......
......
#.......


You could see 2 yaks and a friendly iron imp (summoned).

Vanquished Creatures
  2 yaks (D:5)
  A phantom (D:4)
  A kobold brigand (Sewer)
  4 wights (D:4)
  A howler monkey (D:4)
  A hound (D:4)
  An orc priest (D:3)
  An iguana (D:3)
  A gnoll (D:4)
  7 adders
  2 river rats (Sewer)
  4 worms
  3 dart slugs
  7 orcs
  4 bats
  6 endoplasms
  9 giant cockroaches
  4 goblins
  7 hobgoblins
  10 jackals
  5 quokkas
  9 ball pythons
  5 kobolds
  5 rats
100 creatures vanquished.

Vanquished Creatures (collateral kills)
  A gnoll (D:4)
  A hobgoblin (D:4)
  A jackal (Sewer)
3 creatures vanquished.

Vanquished Creatures (others)
  An endoplasm (D:4)
1 creature vanquished.

Grand Total: 104 creatures vanquished

Notes
Turn   | Place    | Note
-------+----------+-------------------------------------------
     0 | D:1      | IdlyInterested the Demonspawn Gladiator began the quest for
                  | the Orb.
     0 | D:1      | Reached XP level 1. HP: 16/16 MP: 1/1
   358 | D:1      | Gained mutation: Your touch may inflict minor irresistible
                  | damage on your foes. [demonic ancestry]
   358 | D:1      | Reached XP level 2. HP: 13/23 MP: 2/2
   609 | D:1      | Found a faded altar of an unknown god.
   740 | D:1      | Reached skill level 1 in Unarmed Combat
  1289 | D:2      | Reached XP level 3. HP: 24/28 MP: 3/3
  1574 | D:2      | Reached skill level 3 in Fighting
  1914 | D:2      | Identified the +5 short sword "Savian" {flame, Will+ Str+2}
  2092 | D:2      | Gained mutation: You are partially covered in molten
                  | scales. (AC +2) [demonic ancestry]
  2092 | D:2      | Reached XP level 4. HP: 35/35 MP: 4/4
  2353 | D:2      | Gained mutation: You sometimes lose your temper in combat.
                  | [potion of mutation]
  2353 | D:2      | Gained mutation: You are vulnerable to heat. (rF-) [potion
                  | of mutation]
  2353 | D:2      | Gained mutation: You are frail. (-10% HP) [potion of
                  | mutation]
  2354 | D:2      | Lost mutation: You sometimes lose your temper in combat.
                  | [potion of mutation]
  2354 | D:2      | Lost mutation: You are frail. (-10% HP) [potion of
                  | mutation]
  2354 | D:2      | Lost mutation: You are vulnerable to heat. (rF-) [potion of
                  | mutation]
  2354 | D:2      | Gained mutation: You expend magic power (3 MP) to
                  | strengthen your wands. [potion of mutation]
  2354 | D:2      | Gained mutation: You are strong-willed. (Will+) [potion of
                  | mutation]
  2354 | D:2      | Gained mutation: Your flesh is heat resistant. (rF+)
                  | [potion of mutation]
  2434 | D:3      | Found a glowing drain.
  2448 | Sewer    | Entered a sewer
  2560 | Sewer    | Noticed a kobold brigand
  2585 | Sewer    | Killed a kobold brigand
  2586 | Sewer    | Gained mutation: A weak demonic guardian rushes to your
                  | aid. [demonic ancestry]
  2586 | Sewer    | Reached XP level 5. HP: 9/42 MP: 5/5
  3114 | D:3      | Reached skill level 4 in Fighting
  3210 | D:3      | Reached skill level 1 in Short Blades
  3695 | D:3      | Found a broken altar of Ashenzari.
  3697 | D:3      | Found a sacrificial altar of Ru.
  3702 | D:3      | Gained mutation: You may rarely emit foul miasma when
                  | damaged in melee. [demonic ancestry]
  3702 | D:3      | Reached XP level 6. HP: 43/48 MP: 6/6
  4590 | D:4      | Reached XP level 7. HP: 43/55 MP: 7/7
  5160 | D:4      | Found Dissojey's Assorted Antiques.
  5169 | D:4      | Bought a scroll labelled PIENEAVEUSH for 27 gold pieces
  5169 | D:4      | Bought a sapphire potion for 24 gold pieces
  5440 | D:4      | Reached skill level 5 in Fighting
  5543 | D:4      | Bought a scroll of identify for 54 gold pieces
  5590 | D:5      | Entered Level 5 of the Dungeon
  5671 | D:5      | Noticed a yak
  5671 | D:5      | Noticed a yak
  5671 | D:5      | Noticed a yak
  5709 | D:5      | Noticed a yak
  5709 | D:5      | Noticed a yak
  5709 | D:5      | Noticed a yak
  5709 | D:5      | Noticed a yak
  5709 | D:5      | Noticed a yak
  5729 | D:5      | Killed a yak
  5730 | D:5      | Reached skill level 1 in Stealth
  5730 | D:5      | Killed a yak
  5731 | D:5      | HP: 2/56 [yak (6)]
  5732 | D:5      | Mangled by a yak

Illustrated notes

Levels and vault maps discovered:
D:1:      dpeg_arrival_round_c, layout_basic, shapermc_ecumenical_altar_pompeii,
          minmay_curled_crystal, feat_on_display
D:2:      layout_loops_ring, basic_altar
D:3:      layout_loops_corners, grunt_temple_overflow_open,
          cheibrodos_sewer_entry_bend
D:4:      layout_gridville, zin_academy, serial_shops, shop,
          minmay_three_crescents
D:5:      minmay_opposing_rooms, layout_rooms, uniq_duvessa, uniq_ijyb

Skill      XL: |  1  2  3  4  5  6  7 |
---------------+----------------------+-----
Long Blades    | 3 |  3.0
Unarmed Combat | 1 2 3 |  3.0
Fighting       | 3 4 5 |  5.4
Short Blades   | 1 3 4 |  4.6
Dodging        | 3 |  3.0
Throwing       | 2 3 |  3.0
Stealth        | 1 |  1.9

Action                   |  1- 3 |  4- 6 |  7- 9 || total
-------------------------+-------+-------+-------++-------
Melee: Long sword        |    91 |     9 |       ||   100
       Touch             |     8 |    20 |     7 ||    35
       Punch             |     2 |     1 |     1 ||     4
       Short sword       |       |   114 |    42 ||   156
Throw: Dart              |       |       |     2 ||     2
  Use: Scroll            |     7 |     3 |     5 ||    15
       Potion            |     2 |     5 |     4 ||    11
 Stab: Sleeping          |     1 |     1 |       ||     2
Armor: Leather armour    |    27 |    26 |     3 ||    56
       Ring mail         |       |    14 |     9 ||    23
Dodge: Dodged            |    70 |    85 |    24 ||   179

Table legend: (Time is in decaauts)
 A = Elapsed time spent in this place.
 B = Non-inter-level travel time spent in this place.
 C = Inter-level travel time spent in this place.
 D = Time resting spent in this place.
 E = Time spent auto-exploring this place.
 F = Levels seen in this place.
 G = Mean time per level.
                   A        B        C        D        E       F      G
               +--------+--------+--------+--------+--------+-----+--------+
         Total |   5785 |   5123 |    662 |   1446 |   2648 |   6 |  964.2 |
       Dungeon |   5132 |   4470 |    662 |   1048 |   2558 |   5 | 1026.4 |
         Sewer |    652 |    652 |      0 |    398 |     90 |   1 |  652.0 |
               +--------+--------+--------+--------+--------+-----+--------+

Top non-repeatable levels by time:
     D:4: 1471 daAuts
     D:1: 1397 daAuts
     D:3: 1233 daAuts
     D:2: 1007 daAuts
   Sewer: 652 daAuts
     D:5: 23 daAuts
